Map: Prion Terraces

Players

BannaRama - Winner!

  • Race: Terran Terran
  • League: Platinum

LilDicky

  • Race: Terran Terran
  • League: Diamond

VOD

http://www.twitch.tv/tumescentpie

Description

Time

  • Played on: Dec. 7, 2015, 1:16 p.m.
  • Length: 10:31
Show
View Real Time Build Order
Export as new Build Order

BannaRama Terran - Winner!

Build Orders:  

Get SALT Encoding   

  12  0:01  SCV  
  13  0:14  SCV  
  14  0:19  Supply Depot  
  14  0:26  SCV  
  15  0:35  Refinery  
  15  0:41  SCV  
  16  0:45  Barracks  
  16  0:53  SCV  
  16  0:56  Refinery  
  17  1:05  SCV  
  18  1:13  Barracks  
  18  1:18  SCV  
  19  1:33  Barracks Reactor, Supply Depot  
  19  1:37  SCV  
  20  1:49  Engineering Bay  
  20  2:03  Orbital Command  
  20  2:07  Barracks Reactor  
  20  2:12  Reaper  
  21  2:15  Reaper  
  22  2:23  Terran Infantry Weapons Level 1  
  22  2:31  SCV  
  24  2:44  Reaper x2  
  26  2:51  Reaper x2  
  26  2:57  Supply Depot, SCV  
  26  3:16  Reaper x2  
  27  3:38  Reaper x2  
  29  3:48  Reaper  
  27  4:22  Reaper x2  
  27  5:09  Reaper x3  
  27  5:10  Reaper  
  29  5:36  Missile Turret  
  29  5:39  Missile Turret  
  29  5:42  Command Center  
  25  6:03  Marine x4  
  27  6:07  Barracks  
  27  6:10  Barracks  
  27  6:11  SCV  
  27  6:12  Barracks  
  27  6:18  Terran Infantry Armor Level 1, Missile Turret  
  28  6:23  SCV  
  28  6:24  Marine x2  
  28  6:25  Factory, Marine x2  
  33  6:36  SCV  
  34  6:42  Marine x3  
  34  6:43  Marine  
  36  6:48  SCV  
  35  7:00  Marine x3  
  39  7:02  Barracks Reactor  
  39  7:04  Barracks Tech Lab  
  39  7:06  Barracks Tech Lab  
  33  7:41  Marine x8  
  33  7:44  Combat Shields, Stimpack  
  37  7:55  Orbital Command  
  37  7:59  Marine x3  
  40  8:09  Starport  
  40  8:16  SCV  
  40  8:18  Armory  
  41  8:20  SCV  
  41  8:26  Refinery  
  40  8:28  SCV  
  40  8:32  Marine x8  
  40  8:33  SCV  
  49  8:40  SCV  
  50  8:45  SCV, Starport Reactor  
  51  8:48  Factory Tech Lab  
  51  8:50  Marine x3  
  51  8:55  Supply Depot  
  54  8:58  Marine  
  54  8:59  SCV  
  54  9:01  SCV  
  52  9:12  Marine x2  
  52  9:16  Marine x2  
  47  9:32  Marine x3  
  47  9:33  Marine  
  47  9:34  Medivac x2  
  47  9:35  Siege Tank  
  47  9:38  SCV  
  58  9:44  SCV  
  59  9:50  SCV  
  59  9:51  Marine  
  61  9:54  Marine  
  62  10:09  Marine  
  62  10:10  SCV x2  
  62  10:11  Marine x3  
  62  10:12  Marine x2  
Show
View Real Time Build Order
Export as new Build Order

LilDicky Terran 

Build Orders:  

Get SALT Encoding   

  12  0:01  SCV  
  13  0:13  SCV  
  14  0:17  Supply Depot  
  14  0:25  SCV  
  15  0:39  SCV  
  15  0:41  Barracks  
  16  0:51  SCV  
  16  0:55  Refinery  
  17  1:05  SCV  
  18  1:17  SCV  
  19  1:29  Supply Depot, SCV  
  20  1:40  Reaper  
  20  1:43  Orbital Command  
  21  1:55  Command Center  
  21  2:10  SCV  
  21  2:12  Refinery, Marine  
  23  2:19  Factory  
  23  2:25  SCV  
  24  2:30  Marine  
  25  2:38  SCV  
  26  2:48  Bunker, Marine  
  26  3:06  Marine  
  26  3:10  Widow Mine  
  26  3:12  Starport  
  29  3:24  Marine  
  28  3:29  Orbital Command  
  25  3:41  Marine  
  25  3:47  Hellion  
  28  3:59  Marine  
  19  4:17  Hellion, Marine  
  19  4:23  SCV  
  21  4:24  Starport Tech Lab  
  21  4:25  SCV  
  22  4:35  Marine  
  22  4:36  SCV  
  21  4:45  Banshee  
  21  4:47  Hellion  
  20  4:53  Marine  
  18  5:01  SCV  
  18  5:07  SCV  
  13  5:10  Marine  
  13  5:13  SCV  
  14  5:19  SCV  
  15  5:25  SCV  
  12  5:28  Marine  
  12  5:35  SCV  
  13  5:37  SCV  
  14  5:46  Marine  
  14  5:47  SCV  
  14  5:49  SCV  
  14  5:59  SCV  
  14  6:01  SCV  
  14  6:02  Factory Tech Lab  
  15  6:04  Marine  
  17  6:11  SCV  
  17  6:13  Banshee, SCV  
  21  6:23  SCV  
  21  6:24  Marine  
  23  6:25  SCV  
  24  6:35  SCV  
  24  6:38  SCV  
  24  6:39  Siege Tank  
  29  6:53  SCV x2  
  28  6:58  Marine  
  29  7:05  SCV  
  31  7:15  Orbital Command  
  30  7:16  Marine  
  30  7:17  SCV  
  32  7:29  SCV  
  33  7:43  SCV x2  
  32  7:52  Banshee  
  32  7:55  SCV x2  
  32  7:58  Refinery  
  38  8:03  Siege Tank  
  40  8:09  SCV x2  
  40  8:10  Marine  
  38  8:32  Marine  
  38  8:34  SCV x2  
  38  8:35  Siege Tank  
  38  8:37  Banshee  
  38  8:40  Barracks x2  
  44  8:46  SCV x2  
  46  8:57  Marine  
  46  8:58  SCV  
  44  9:07  Siege Tank  
  44  9:15  Marine  
  31  9:31  SCV x2  
  31  9:37  Marine  
  34  9:38  Marine  
  34  9:40  Marine  
  34  9:43  SCV x2  
  38  9:55  SCV  
  38  9:56  SCV  
  38  9:59  Marine x2  
Tags
 
Add a new tag
Caveats
  • Supply blocks, unpowered buildings, or Contaminate may cause inaccurate times.
  • Supply counts are checked every 10 seconds.